 Dungeon Crawl Stone Soup version 0.29.1-12-g30fa7ad0bf (webtiles) character file.

Game seed: 7966706602634508948

11 GeoRichter the Conjurer (level 2, -1/20 HPs)
             Began as a Draconian Conjurer on Dec 26, 2022.
             Slain by a jackal (3 damage)
             ... on level 1 of the Dungeon.
             The game lasted 00:00:50 (331 turns).

GeoRichter the Conjurer (Draconian Conjurer)         Turns: 331, Time: 00:00:51

Health: -1/20      AC:  4    Str:  9    XL:     2   Next: 17%
Magic:  0/5        EV: 12    Int: 18    God:
Gold:   28         SH:  0    Dex:  9    Spells: 2/5 levels left

rFire   . . .      SeeInvis .   a - +1 dagger (speed)
rCold   . . .      Faith    .   (no shield)
rNeg    . . .      Spirit   .   (body armour unavailable)
rPois   .          Reflect  .   (helmet restricted)
rElec   .          Harm     .   (no cloak)
rCorr   .          Rampage  .   (no gloves)
Will    .....                   (no boots)
Stlth   ++........              (no amulet)
HPRegen 0.06/turn               (no ring)
MPRegen 0.09/turn               (no ring)

@: no status effects
A: AC +4, unfitting armour, cold-blooded
a: no special abilities


You were on level 1 of the Dungeon.
You visited 1 branch of the dungeon, and saw 1 of its levels.

You collected 28 gold pieces.

Inventory:

Hand Weapons
 a - a +1 dagger of speed (weapon)
   (You took it off a goblin on level 1 of the Dungeon)
Scrolls
 b - a scroll of fear {unknown}


   Skills:
 - Level 1.7 Dodging
 - Level 1.7 Stealth
 + Level 2.2 Spellcasting
 * Level 4.4 Conjurations


You had 2 spell levels left.
You knew the following spells:

 Your Spells              Type           Power      Damage    Failure   Level
a - Magic Dart            Conj           68%        1d6       3%          1
b - Searing Ray           Conj           34%        2d5       4%          2

Your spell library contained the following spells:

 Spells                   Type           Power      Damage    Failure   Level
 Dazzling Flash           Conj/Hex       18%        N/A       22%         3
 Fulminant Prism          Conj/Hex       4%         3d6       56%         4
 Iskenderun's Mystic Bla  Conj/Tloc      9%         2d4       56%         4


Dungeon Overview and Level Annotations

Branches:
Dungeon (1/15) Zot: 5676

Altars:

Annotations:
D:1 1 transporter


Innate Abilities, Weirdness & Mutations

Your plain brown scales are hard. (AC +4)
You cannot fit into any form of body armour.
You are cold-blooded and may be slowed by cold attacks.


Message History

A kobold comes into view. It is wielding a +0 dagger.
The jackal barks!
You hear a shout!
The magic dart hits the jackal.
A goblin comes into view. It is wielding a +0 club.
The magic dart hits the jackal but does no damage.
The jackal closely misses you. The jackal completely misses you.
The jackal closely misses you. The jackal attacks as you move away!
The jackal barely misses you. The jackal attacks as you move away!
The jackal bites you.
There is an open door here.
The jackal attacks as you move away! The jackal barely misses you.
The jackal attacks as you move away! The jackal bites you.
The jackal bites you. The jackal bites you.
There is an open door here.
The magic dart hits the jackal.
The jackal bites you but does no damage.
The magic dart hits the jackal.
You kill the jackal!
You closely miss the jackal.
The jackal bites you but does no damage.
You hit the jackal but do no damage.
The jackal bites you but does no damage.
You hit the jackal.
Your tail-slap misses the jackal.
The jackal closely misses you.
You barely miss the jackal. The jackal bites you.
The magic dart hits the jackal.
You kill the jackal!
The jackal bites you.
* * * LOW HITPOINT WARNING * * *
You are too injured to fight recklessly!
Aim: a jackal (100% to hit)
The magic dart hits the jackal but does no damage.
The jackal closely misses you.
You are too injured to fight recklessly!
You are too injured to fight recklessly!
You are too injured to fight recklessly!
You barely miss the jackal. The jackal barely misses you.
You hit the jackal but do no damage. The jackal bites you.
* * * LOW HITPOINT WARNING * * *
You hit the jackal but do no damage. The jackal completely misses you.
You closely miss the jackal. The jackal closely misses you.
You closely miss the jackal. The jackal bites you.
* * * LOW HITPOINT WARNING * * *
You hit the jackal but do no damage.
Your tail-slap misses the jackal.
The jackal bites you but does no damage.
You hit the jackal. The jackal bites you.
* * * LOW HITPOINT WARNING * * *
You closely miss the jackal. The jackal bites you.
You die...

...# ○ ......# ...## ##.
#######......# ....# #.#
#..........# +#### #.#
#..........# .######.#
#....K.....# ......#.#.#
#####'#....#
.####+#.#.########..#....#
.)......#.#.....##g##....#
###.....#)#.....@hK# ....#
#..†..#.......#### ....#
#.....#..#.#..## ....#
#.#+#)#.#.#.#..#########
#........#_#.........
###.....#.#.#.#######
......>...#.#..#
######.#.......#
#...#######


You could see a jackal, a goblin and a kobold.

Vanquished Creatures
  A giant cockroach (D:1)
  3 goblins (D:1)
  A hobgoblin (D:1)
  2 jackals (D:1)
  A bat (D:1)
  2 frilled lizards (D:1)
10 creatures vanquished.

Notes
Turn   | Place    | Note
-------+----------+-------------------------------------------
     0 | D:1      | GeoRichter the Draconian Conjurer began the quest for the
                  | Orb.
     0 | D:1      | Reached XP level 1. HP: 14/14 MP: 3/3
   213 | D:1      | Reached XP level 2. HP: 20/20 MP: 0/5
   289 | D:1      | Learned a level 2 spell: Searing Ray
   290 | D:1      | Found a faded altar of an unknown god.
   331 | D:1      | Slain by a jackal

Illustrated notes

Levels and vault maps discovered:
D:1:      spicycebolla_arrival_risky_transporter, layout_basic,
          chequers_ecumenical_altar_simple_redux, lemuel_flame_loot_1

Action                   || total
-------------------------++-------
Melee: Dagger            ||    23
       Tailslap          ||     1
 Cast: Magic Dart        ||    13
  Use: Potion            ||     1
Armor: Skin              ||     9
Dodge: Dodged            ||    21
